[Event "St. Petersburg-ch 2021"]
[Site "St. Petersburg"]
[Date "2021.03.27"]
[Round "3.1"]
[White "Goganov, Aleksey"]
[Black "Schekachikhin, Maksim"]
[Result "1-0"]
[ECO "A23"]
[WhiteElo "2575"]
[BlackElo "2417"]
[Annotator "ChessBase"]
[PlyCount "99"]
[EventDate "2021.03.25"]
[EventType "swiss"]
[EventCountry "RUS"]
[SourceTitle "playchess.com"]
[Source "ChessBase"]
[SourceQuality "1"]
[TimeControl "40/5400+30:1800+30"]

1. g3 e5 2. c4 Nf6 3. Bg2 Bc5 4. Nc3 c6 5. e3 O-O 6. Nge2 d5 7. cxd5 cxd5 8. d4 exd4 9. exd4 Bb6 10. O-O Bg4 11. Bg5 Re8 12. Bxf6 Qxf6 13. Nxd5 Qd6 14. Nxb6 Qxb6 15. Re1 Nc6 16. Qd2 Bxe2 17. Bxc6 bxc6 18. Rxe2 Rxe2 19. Qxe2 Qxd4 20. Rd1 Qf6 21. Rd7 g6 22. b4 Kg7 23. Qc4 Qf3 24. Rd3 Qf6 25. Kg2 Rb8 26. Rf3 Qe6 27. Qd4+ Kg8 28. a3 Rb7 29. Rf6 Qd5+ 30. Qxd5 cxd5 31. Ra6 Kg7 32. Kf3 h5 33. h4 Re7 34. Ra5 d4 35. Rd5 Rc7 36. Ke4 Rc2 37. Ra5 Rxf2 38. Rxa7 g5 39. hxg5 Kg6 40. b5 Kxg5 41. b6 Rb2 42. b7 Kg4 43. Kxd4 Kxg3 44. Kc3 Rb1 45. Kc2 Rb6 46. a4 h4 47. a5 Rb5 48. a6 h3 49. Ra8 h2 50. Rh8 1-0

[Event "St. Petersburg-ch 2021"]
[Site "St. Petersburg"]
[Date "2021.03.27"]
[Round "3.2"]
[White "Shubin, Kirill"]
[Black "Epishin, Vladimir"]
[Result "1-0"]
[ECO "B40"]
[WhiteElo "2466"]
[BlackElo "2527"]
[Annotator "ChessBase"]
[PlyCount "54"]
[EventDate "2021.03.25"]
[EventType "swiss"]
[EventCountry "RUS"]
[SourceTitle "playchess.com"]
[Source "ChessBase"]
[SourceQuality "1"]
[TimeControl "40/5400+30:1800+30"]

1. e4 c5 2. Nf3 e6 3. g3 d6 4. Bg2 Nd7 5. O-O Be7 6. c3 Ngf6 7. Re1 O-O 8. d4 d5 9. exd5 exd5 10. Nbd2 Re8 11. Nf1 h6 12. Bf4 Nb6 13. Ne3 c4 14. Qc2 Bf8 15. h3 Be6 16. g4 Nc8 17. Ne5 Ne7 18. Bh2 b5 19. f4 a5 20. f5 Bc8 21. h4 Ra6 22. g5 hxg5 23. hxg5 Nh7 24. f6 gxf6 25. Nxf7 Qd7 26. Nxd5 fxg5 27. Nc7 Nf5 1-0

[Event "St. Petersburg-ch 2021"]
[Site "St. Petersburg"]
[Date "2021.03.27"]
[Round "3.3"]
[White "Lesovoi, Evgenij"]
[Black "Alekseev, Evgeny"]
[Result "0-1"]
[ECO "D38"]
[WhiteElo "2347"]
[BlackElo "2619"]
[Annotator "ChessBase"]
[PlyCount "104"]
[EventDate "2021.03.25"]
[EventType "swiss"]
[EventCountry "RUS"]
[SourceTitle "playchess.com"]
[Source "ChessBase"]
[SourceQuality "1"]
[TimeControl "40/5400+30:1800+30"]

1. d4 Nf6 2. c4 e6 3. Nf3 d5 4. Nc3 Nbd7 5. Bg5 Bb4 6. e3 c5 7. cxd5 exd5 8. Bd3 c4 9. Bf5 Qa5 10. O-O O-O 11. Qc2 Re8 12. a3 Bxc3 13. Qxc3 Qxc3 14. bxc3 Ne4 15. Bxe4 Rxe4 16. Rfb1 Re6 17. Nd2 Nb6 18. a4 Bd7 19. a5 Na4 20. Ra3 f6 21. Bf4 b5 22. axb6 Rxb6 23. f3 Rxb1+ 24. Nxb1 g5 25. Bg3 Re8 26. Kf2 Nb2 27. Rxa7 Bf5 28. e4 dxe4 29. fxe4 Bxe4 30. Nd2 Nd1+ 31. Kg1 Bd5 32. Rc7 Re2 33. Nxc4 Rxg2+ 34. Kf1 Rc2 35. Ke1 Nxc3 36. Nd2 h5 37. Rc5 h4 38. Bc7 g4 39. Bf4 Kf7 40. Bc7 Kg6 41. Bf4 Kf7 42. Bc7 Ke6 43. Bf4 Kf5 44. Bc7 g3 45. hxg3 h3 46. g4+ Kxg4 47. Bd6 f5 48. Rc7 f4 49. Rg7+ Kf5 50. Rh7 Rc1+ 51. Kf2 Rd1 52. Nf1 Bc4 0-1

[Event "St. Petersburg-ch 2021"]
[Site "St. Petersburg"]
[Date "2021.03.27"]
[Round "3.4"]
[White "Lobanov, Sergei"]
[Black "Palchun, Grigory"]
[Result "1-0"]
[ECO "C72"]
[WhiteElo "2516"]
[BlackElo "2359"]
[Annotator "ChessBase"]
[PlyCount "67"]
[EventDate "2021.03.25"]
[EventType "swiss"]
[EventCountry "RUS"]
[SourceTitle "playchess.com"]
[Source "ChessBase"]
[SourceQuality "1"]
[TimeControl "40/5400+30:1800+30"]

1. e4 e5 2. Nf3 Nc6 3. Bb5 a6 4. Ba4 d6 5. O-O Bd7 6. c4 Nf6 7. Nc3 Be7 8. d4 exd4 9. Nxd4 Nxd4 10. Bxd7+ Nxd7 11. Qxd4 Bf6 12. Qd3 Nc5 13. Qc2 O-O 14. Bd2 Re8 15. Rae1 b5 16. b4 Ne6 17. Nd5 Bd4 18. Kh1 c6 19. Ne3 c5 20. Nf5 Bf6 21. Bc3 Bxc3 22. Qxc3 Qb6 23. Rd1 Rad8 24. a3 f6 25. h4 Qc6 26. cxb5 axb5 27. Qg3 d5 28. exd5 Rxd5 29. Qf3 Rxd1 30. Qxc6 Rxf1+ 31. Kh2 Kf8 32. Qd6+ Kf7 33. Qd7+ Kf8 34. Nd6 1-0

[Event "St. Petersburg-ch 2021"]
[Site "St. Petersburg"]
[Date "2021.03.27"]
[Round "3.5"]
[White "Donskov, Anatoly"]
[Black "Levin, Evgeny A."]
[Result "1/2-1/2"]
[ECO "B96"]
[WhiteElo "2286"]
[BlackElo "2502"]
[Annotator "ChessBase"]
[PlyCount "97"]
[EventDate "2021.03.25"]
[EventType "swiss"]
[EventCountry "RUS"]
[SourceTitle "playchess.com"]
[Source "ChessBase"]
[SourceQuality "1"]
[TimeControl "40/5400+30:1800+30"]

1. e4 c5 2. Nf3 d6 3. d4 cxd4 4. Nxd4 Nf6 5. Nc3 a6 6. Bg5 e6 7. f4 Nbd7 8. Qf3 Qc7 9. O-O-O b5 10. a3 Bb7 11. g4 O-O-O 12. f5 e5 13. Nb3 h6 14. Bxf6 Nxf6 15. Nd5 Nxd5 16. exd5 Be7 17. Kb1 Kb8 18. h4 Rc8 19. Qe4 Qb6 20. a4 bxa4 21. Qxa4 Bd8 22. Rh3 Ka7 23. Nd2 Qd4 24. Qxd4+ exd4 25. Ne4 Bxd5 26. Nxd6 Rc6 27. Rxd4 Rxd6 28. Rhd3 Bf6 29. Rxd5 Rxd5 30. Rxd5 Rd8 31. Rxd8 Bxd8 32. h5 Bg5 33. Bc4 f6 34. Ka2 a5 35. Kb3 Kb6 36. Bf7 Kc5 37. Kc3 Bc1 38. Be8 Bf4 39. Kb3 Bc1 40. c3 Bd2 41. Ka4 Kb6 42. Bf7 Be1 43. Kb3 Kc5 44. Kc2 Bg3 45. Kd3 Bf4 46. Be8 Bc1 47. b3 Bf4 48. Ke4 Bd2 49. Kd3 1/2-1/2

[Event "St. Petersburg-ch 2021"]
[Site "St. Petersburg"]
[Date "2021.03.27"]
[Round "3.6"]
[White "Saveliev, Alexei"]
[Black "Usmanov, Vasily"]
[Result "0-1"]
[ECO "C42"]
[WhiteElo "2358"]
[BlackElo "2447"]
[Annotator "NA"]
[PlyCount "94"]
[EventDate "2021.03.25"]
[EventType "swiss"]
[EventCountry "RUS"]
[SourceTitle "playchess.com"]
[Source "ChessBase"]
[SourceQuality "1"]
[TimeControl "40/5400+30:1800+30"]

1. e4 e5 2. Nf3 Nf6 3. Nxe5 d6 4. Nf3 Nxe4 5. Qe2 Qe7 6. d3 Nf6 7. Bg5 Nbd7 8. h3 h6 9. Bf4 Nd5 10. Bd2 Nc5 11. g3 Bd7 12. b4 Ne6 13. Bg2 O-O-O 14. d4 Re8 15. O-O Ng5 16. Qxe7 Nxf3+ 17. Bxf3 Nxe7 18. Kg2 g5 19. Re1 Bg7 20. c3 Bf6 21. Na3 h5 22. Nc2 g4 23. hxg4 hxg4 24. Be4 Rh3 25. Kg1 Reh8 26. Ne3 R3h5 27. Rac1 Be6 28. Bg2 c6 29. a4 a5 30. bxa5 Rxa5 31. d5 Nxd5 32. c4 Nxe3 33. Bxa5 Nxg2 34. Kxg2 Rh5 35. Bb6 d5 36. f3 gxf3+ 37. Kxf3 Rf5+ 38. Kg2 dxc4 39. Rxe6 fxe6 40. Rxc4 Kd7 41. Rg4 Bg5 42. Re4 c5 43. Kh3 Kd6 44. Kg4 Bd2 45. Rc4 Kc6 46. Ba7 b6 47. Re4 Kb7 0-1

[Event "St. Petersburg-ch 2021"]
[Site "St. Petersburg"]
[Date "2021.03.28"]
[Round "4.3"]
[White "Usmanov, Vasily"]
[Black "Lobanov, Sergei"]
[Result "1/2-1/2"]
[ECO "D85"]
[WhiteElo "2447"]
[BlackElo "2516"]
[Annotator "ChessBase"]
[PlyCount "51"]
[EventDate "2021.03.25"]
[EventType "swiss"]
[EventCountry "RUS"]
[SourceTitle "playchess.com"]
[Source "ChessBase"]
[SourceQuality "1"]
[TimeControl "40/5400+30:1800+30"]

1. c4 Nf6 2. d4 g6 3. Nc3 d5 4. cxd5 Nxd5 5. e4 Nxc3 6. bxc3 Bg7 7. Nf3 c5 8. Rb1 O-O 9. Be2 cxd4 10. cxd4 Qa5+ 11. Bd2 Qxa2 12. O-O Bg4 13. Rxb7 Bxf3 14. Bxf3 Bxd4 15. e5 Na6 16. Rxe7 Rad8 17. e6 fxe6 18. Qe1 Nc5 19. Be3 Nd3 20. Bxd4 Nxe1 21. Rg7+ Kh8 22. Rd7+ Kg8 23. Rg7+ Kh8 24. Rd7+ Kg8 25. Rg7+ Kh8 26. Rd7+ 1/2-1/2

[Event "St. Petersburg-ch 2021"]
[Site "St. Petersburg"]
[Date "2021.03.28"]
[Round "4.5"]
[White "Schekachikhin, Maksim"]
[Black "Donskov, Anatoly"]
[Result "0-1"]
[ECO "D23"]
[WhiteElo "2417"]
[BlackElo "2286"]
[Annotator "NA"]
[PlyCount "38"]
[EventDate "2021.03.25"]
[EventType "swiss"]
[EventCountry "RUS"]
[SourceTitle "playchess.com"]
[Source "ChessBase"]
[SourceQuality "1"]
[TimeControl "40/5400+30:1800+30"]

1. d4 d5 2. Nf3 Nf6 3. c4 dxc4 4. Qa4+ Nbd7 5. Nc3 e6 6. Bg5 h6 7. Bh4 Be7 8. Rd1 O-O 9. Qxc4 a6 10. a4 b5 11. axb5 axb5 12. Qxb5 Rb8 13. Qd3 Rxb2 14. Bxf6 Nxf6 15. Rd2 Rb3 16. Qc2 Ra3 17. Qb2 Bd7 18. e3 Qa8 19. Be2 Rb8 0-1

[Event "St. Petersburg-ch 2021"]
[Site "St. Petersburg"]
[Date "2021.03.29"]
[Round "5.5"]
[White "Lesovoi, Evgenij"]
[Black "Epishin, Vladimir"]
[Result "1/2-1/2"]
[ECO "D36"]
[WhiteElo "2347"]
[BlackElo "2527"]
[Annotator "ChessBase"]
[PlyCount "80"]
[EventDate "2021.03.25"]
[EventType "swiss"]
[EventCountry "RUS"]
[SourceTitle "playchess.com"]
[Source "ChessBase"]
[SourceQuality "1"]
[TimeControl "40/5400+30:1800+30"]

1. d4 d5 2. c4 e6 3. Nc3 Be7 4. Nf3 Nf6 5. cxd5 exd5 6. Bg5 c6 7. Qc2 Bg4 8. Ne5 Nbd7 9. Nxg4 Nxg4 10. Bf4 Nf8 11. e3 Ne6 12. Bg3 Bd6 13. Bd3 g6 14. Bxd6 Qxd6 15. h3 Nf6 16. O-O-O O-O-O 17. Kb1 Kb8 18. Rc1 Rc8 19. Na4 Nd7 20. a3 c5 21. dxc5 Ndxc5 22. Nxc5 Rxc5 23. Qd2 Rd8 24. Rxc5 Nxc5 25. Bc2 d4 26. Qxd4 Qxd4 27. exd4 Rxd4 28. Re1 Kc7 29. Kc1 Nd3+ 30. Bxd3 Rxd3 31. Kc2 Rd7 32. Kc3 h5 33. h4 Kc6 34. g3 Rd5 35. Re7 Rf5 36. f4 a5 37. a4 b5 38. axb5+ Kxb5 39. Rb7+ Kc6 40. Re7 Kd6 1/2-1/2

[Event "St. Petersburg-ch 2021"]
[Site "St. Petersburg"]
[Date "2021.03.30"]
[Round "6.1"]
[White "Usmanov, Vasily"]
[Black "Goganov, Aleksey"]
[Result "1/2-1/2"]
[ECO "A45"]
[WhiteElo "2447"]
[BlackElo "2575"]
[Annotator "ChessBase"]
[PlyCount "96"]
[EventDate "2021.03.25"]
[EventType "swiss"]
[EventCountry "RUS"]
[SourceTitle "playchess.com"]
[Source "ChessBase"]
[SourceQuality "1"]
[TimeControl "40/5400+30:1800+30"]

1. d4 Nf6 2. Bg5 e6 3. Nc3 h6 4. Bf4 Bb4 5. Qd3 d5 6. a3 Bd6 7. Bxd6 cxd6 8. e4 dxe4 9. Nxe4 Nxe4 10. Qxe4 Nd7 11. Nf3 Nf6 12. Bb5+ Kf8 13. Qe2 Bd7 14. Bd3 g6 15. O-O Kg7 16. c4 Re8 17. Rfe1 a5 18. b3 Bc6 19. Rad1 Qb6 20. Bc2 Qc7 21. Qd3 b5 22. d5 bxc4 23. bxc4 exd5 24. Nd4 Bd7 25. cxd5 Nxd5 26. Bb3 Qc3 27. Rxe8 Rxe8 28. Nf3 Qxd3 29. Rxd3 Nf6 30. Rxd6 Rb8 31. Nd2 a4 32. Bc4 Rb2 33. f3 Rc2 34. Kf2 Rc1 35. h4 Ra1 36. Rd3 Bf5 37. Re3 Kf8 38. Bb5 Nd5 39. Re8+ Kg7 40. Bxa4 Ra2 41. Ke1 Nf4 42. g3 Ra1+ 43. Kf2 Nd3+ 44. Kg2 Ra2 45. Re2 Nc1 46. Rf2 Nd3 47. Re2 Rxa3 48. Bb5 Nc5 1/2-1/2

[Event "St. Petersburg-ch 2021"]
[Site "St. Petersburg"]
[Date "2021.03.30"]
[Round "6.2"]
[White "Alekseev, Evgeny"]
[Black "Lobanov, Sergei"]
[Result "1-0"]
[ECO "D05"]
[WhiteElo "2619"]
[BlackElo "2516"]
[Annotator "ChessBase"]
[PlyCount "45"]
[EventDate "2021.03.25"]
[EventType "swiss"]
[EventCountry "RUS"]
[SourceTitle "playchess.com"]
[Source "ChessBase"]
[SourceQuality "1"]
[TimeControl "40/5400+30:1800+30"]

1. Nf3 d5 2. e3 c5 3. b3 e6 4. Bb2 Nc6 5. d4 Nf6 6. Bd3 b6 7. O-O Bb7 8. Nbd2 cxd4 9. exd4 Bd6 10. a3 O-O 11. Qe2 a5 12. Ne5 Ne7 13. Rfe1 Nf5 14. Nf1 Ne4 15. Nd2 Nxd2 16. Qxd2 Ba6 17. c4 dxc4 18. bxc4 Rc8 19. Rac1 Bxe5 20. Rxe5 Qh4 21. d5 Nd6 22. g3 Qd8 23. Qf4 1-0

[Event "St. Petersburg-ch 2021"]
[Site "St. Petersburg"]
[Date "2021.03.30"]
[Round "6.3"]
[White "Levin, Evgeny A."]
[Black "Golikov, Daniil"]
[Result "1/2-1/2"]
[ECO "D12"]
[WhiteElo "2502"]
[BlackElo "2229"]
[Annotator "ChessBase"]
[PlyCount "104"]
[EventDate "2021.03.25"]
[EventType "swiss"]
[EventCountry "RUS"]
[SourceTitle "playchess.com"]
[Source "ChessBase"]
[SourceQuality "1"]
[TimeControl "40/5400+30:1800+30"]

1. d4 d5 2. c4 c6 3. Nf3 Nf6 4. e3 Bf5 5. Nc3 e6 6. Nh4 Bg6 7. Nxg6 hxg6 8. Bd3 Nbd7 9. O-O Bd6 10. h3 O-O 11. Qc2 dxc4 12. Bxc4 c5 13. dxc5 Nxc5 14. Rd1 Qe7 15. Bd2 a6 16. Rac1 Rac8 17. Be1 Rc7 18. Be2 Nce4 19. Qb1 Nxc3 20. Bxc3 Nd5 21. Be1 Rxc1 22. Rxc1 Bb4 23. Bf3 Bxe1 24. Rxe1 Rd8 25. Rd1 Rd7 26. Qe4 Qd8 27. Qe5 Qc7 28. Qxc7 Rxc7 29. Bxd5 exd5 30. b3 Rc5 31. Kf1 Kf8 32. Ke2 Ke7 33. Rd4 Ke6 34. Kd2 a5 35. h4 Rc8 36. a4 b6 37. g3 Rc7 38. Rd3 Rc5 39. Rd4 Rc7 40. Rd3 Rc5 41. Rc3 Ke5 42. f3 d4 43. f4+ Ke4 44. exd4 Kxd4 45. Rd3+ Ke4 46. Re3+ Kd4 47. Re7 Rf5 48. Rd7+ Ke4 49. Ke2 Rf6 50. Re7+ Kd4 51. Kd2 Rf5 52. Rb7 Rf6 1/2-1/2

[Event "St. Petersburg-ch 2021"]
[Site "St. Petersburg"]
[Date "2021.03.30"]
[Round "6.4"]
[White "Saveliev, Alexei"]
[Black "Shubin, Kirill"]
[Result "1/2-1/2"]
[ECO "B29"]
[WhiteElo "2358"]
[BlackElo "2466"]
[Annotator "ChessBase"]
[PlyCount "80"]
[EventDate "2021.03.25"]
[EventType "swiss"]
[EventCountry "RUS"]
[SourceTitle "playchess.com"]
[Source "ChessBase"]
[SourceQuality "1"]
[TimeControl "40/5400+30:1800+30"]

1. e4 c5 2. Nf3 Nf6 3. Nc3 d5 4. exd5 Nxd5 5. d4 Nxc3 6. bxc3 g6 7. h4 Bg7 8. h5 Bg4 9. Bc4 gxh5 10. Qd3 Nc6 11. Ng5 e6 12. Nxf7 Kxf7 13. f3 Ne5 14. dxe5 Qxd3 15. cxd3 Bf5 16. Bf4 a6 17. O-O-O Rhd8 18. g4 hxg4 19. fxg4 Bg6 20. Rhf1 Re8 21. Bh6+ Kg8 22. Bxg7 Kxg7 23. Rf6 Bf7 24. a4 Rab8 25. Rdf1 Bg8 26. a5 b5 27. axb6 Rxb6 28. Kd2 a5 29. Ra1 Ra8 30. Kc2 Bf7 31. Ra2 a4 32. Rf1 Be8 33. Rb1 Rab8 34. Rxb6 Rxb6 35. Rb2 Rxb2+ 36. Kxb2 Bd7 37. d4 cxd4 38. cxd4 Kg6 39. Bd3+ Kg5 40. Bxh7 Kxg4 1/2-1/2

[Event "St. Petersburg-ch 2021"]
[Site "St. Petersburg"]
[Date "2021.03.30"]
[Round "6.5"]
[White "Epishin, Vladimir"]
[Black "Donskov, Anatoly"]
[Result "1-0"]
[ECO "D20"]
[WhiteElo "2527"]
[BlackElo "2286"]
[Annotator "ChessBase"]
[PlyCount "91"]
[EventDate "2021.03.25"]
[EventType "swiss"]
[EventCountry "RUS"]
[SourceTitle "playchess.com"]
[Source "ChessBase"]
[SourceQuality "1"]
[TimeControl "40/5400+30:1800+30"]

1. d4 d5 2. c4 dxc4 3. e4 Nf6 4. e5 Nd5 5. Bxc4 Nb6 6. Bb3 Nc6 7. Ne2 Bf5 8. Nbc3 e6 9. Be3 Qd7 10. O-O O-O-O 11. Na4 Nd5 12. Nec3 Nxe3 13. fxe3 Kb8 14. Bc2 Be7 15. Kh1 Bxc2 16. Qxc2 f6 17. exf6 gxf6 18. a3 Rhg8 19. b4 f5 20. Rad1 Bd6 21. e4 Qg7 22. Nb5 fxe4 23. Qxe4 a6 24. Nxd6 Rxd6 25. Nc5 Rxd4 26. Rxd4 Qxd4 27. Qxh7 Qg4 28. Qe4 Qxe4 29. Nxe4 Nd4 30. h3 b6 31. g4 Kb7 32. Kg2 Rh8 33. Rh1 Kc6 34. h4 Kd5 35. Ng3 c5 36. bxc5 bxc5 37. h5 c4 38. g5 e5 39. g6 Ne6 40. Rd1+ Kc6 41. Kf3 c3 42. Rc1 Kd5 43. Rxc3 Rf8+ 44. Ke3 Ng5 45. g7 Rb8 46. Nf5 1-0

[Event "St. Petersburg-ch 2021"]
[Site "St. Petersburg"]
[Date "2021.03.30"]
[Round "6.6"]
[White "Askerov, Marat"]
[Black "Lesovoi, Evgenij"]
[Result "1-0"]
[ECO "A60"]
[WhiteElo "2351"]
[BlackElo "2347"]
[Annotator "NA"]
[PlyCount "61"]
[EventDate "2021.03.25"]
[EventType "swiss"]
[EventCountry "RUS"]
[SourceTitle "playchess.com"]
[Source "ChessBase"]
[SourceQuality "1"]
[TimeControl "40/5400+30:1800+30"]

1. d4 Nf6 2. c4 e6 3. g3 c5 4. d5 exd5 5. cxd5 b5 6. Nf3 d6 7. e4 a6 8. a4 Nxe4 9. axb5 Be7 10. bxa6 O-O 11. a7 Nd7 12. Bd3 Nef6 13. O-O Bb7 14. Nc3 Nb6 15. Nh4 Nfxd5 16. Nf5 Bf6 17. Nb5 Qd7 18. Nfxd6 Bc6 19. Bf5 Qd8 20. Qb3 Be7 21. Rd1 Bxd6 22. Nxd6 Qe7 23. Be3 Qxd6 24. Qxb6 Qf6 25. Rxd5 Bxd5 26. Qxf6 gxf6 27. Bxc5 Rfe8 28. Bh3 Re2 29. b4 Rae8 30. Be3 Rb2 31. Bg2 1-0

[Event "St. Petersburg-ch 2021"]
[Site "St. Petersburg"]
[Date "2021.03.31"]
[Round "7.1"]
[White "Goganov, Aleksey"]
[Black "Epishin, Vladimir"]
[Result "1/2-1/2"]
[ECO "C10"]
[WhiteElo "2575"]
[BlackElo "2527"]
[Annotator "ChessBase"]
[PlyCount "81"]
[EventDate "2021.03.25"]
[EventType "swiss"]
[EventCountry "RUS"]
[SourceTitle "playchess.com"]
[Source "ChessBase"]
[SourceQuality "1"]
[TimeControl "40/5400+30:1800+30"]

1. e4 e6 2. d4 d5 3. Nc3 dxe4 4. Nxe4 Bd7 5. Nf3 Bc6 6. Bd3 Nd7 7. O-O Ngf6 8. Ng3 Be7 9. b3 O-O 10. c4 Bxf3 11. Qxf3 c5 12. Bb2 cxd4 13. Bxd4 Qc7 14. Rfe1 Rfd8 15. Bb2 Nf8 16. Rad1 Rd7 17. Bb1 Rad8 18. Rxd7 Rxd7 19. Nf1 b6 20. Rd1 Rxd1 21. Qxd1 N8d7 22. Nd2 Bc5 23. Qe2 Qd6 24. g3 h5 25. Qd3 Qxd3 26. Bxd3 Kf8 27. h3 g6 28. Kf1 Ke7 29. Nf3 a5 30. Bc2 Nb8 31. Ne5 Nfd7 32. Nd3 Bd6 33. Kg2 Na6 34. f3 Nb4 35. Bb1 Nxd3 36. Bxd3 f5 37. Bc1 Ne5 38. Bc2 Nc6 39. g4 hxg4 40. hxg4 Bc5 41. Bg5+ 1/2-1/2

[Event "St. Petersburg-ch 2021"]
[Site "St. Petersburg"]
[Date "2021.03.31"]
[Round "7.3"]
[White "Shubin, Kirill"]
[Black "Levin, Evgeny A."]
[Result "1-0"]
[ECO "C10"]
[WhiteElo "2466"]
[BlackElo "2502"]
[Annotator "ChessBase"]
[PlyCount "87"]
[EventDate "2021.03.25"]
[EventType "swiss"]
[EventCountry "RUS"]
[SourceTitle "playchess.com"]
[Source "ChessBase"]
[SourceQuality "1"]
[TimeControl "40/5400+30:1800+30"]

1. e4 e6 2. d4 d5 3. Nc3 Nf6 4. Bg5 dxe4 5. Nxe4 Nbd7 6. Nf3 h6 7. Nxf6+ Nxf6 8. Be3 Bd6 9. Bd3 b6 10. Ne5 O-O 11. Qf3 Nd5 12. Bd2 Qh4 13. c4 Nb4 14. Be4 Rb8 15. g3 Qd8 16. Qb3 Bxe5 17. dxe5 Qd4 18. f3 Na6 19. Qc3 Rd8 20. Qxd4 Rxd4 21. b3 Bb7 22. Bxb7 Rxb7 23. O-O-O c5 24. Bc3 Rdd7 25. a3 Kf8 26. Kc2 Ke8 27. g4 Nb8 28. h4 Nc6 29. h5 a6 30. f4 Ne7 31. Rd6 f5 32. g5 Rxd6 33. exd6 Nc6 34. gxh6 gxh6 35. Rg1 Rh7 36. Rg6 Nd8 37. Rg8+ Kd7 38. Be5 a5 39. Kd3 Nc6 40. Ra8 Nxe5+ 41. fxe5 Kc6 42. Rc8+ Kb7 43. Re8 Kc6 44. Rxe6 1-0

[Event "St. Petersburg-ch 2021"]
[Site "St. Petersburg"]
[Date "2021.03.31"]
[Round "7.4"]
[White "Golikov, Daniil"]
[Black "Saveliev, Alexei"]
[Result "1/2-1/2"]
[ECO "E46"]
[WhiteElo "2229"]
[BlackElo "2358"]
[Annotator "NA"]
[PlyCount "69"]
[EventDate "2021.03.25"]
[EventType "swiss"]
[EventCountry "RUS"]
[SourceTitle "playchess.com"]
[Source "ChessBase"]
[SourceQuality "1"]
[TimeControl "40/5400+30:1800+30"]

1. d4 Nf6 2. c4 e6 3. Nc3 Bb4 4. e3 O-O 5. Nge2 d5 6. a3 Be7 7. cxd5 exd5 8. Nf4 Re8 9. Bd3 c6 10. O-O Nbd7 11. f3 Nf8 12. Bc2 Ne6 13. Nxe6 Bxe6 14. e4 c5 15. Ba4 cxd4 16. Nxd5 Bxd5 17. exd5 Rf8 18. Qxd4 Qxd5 19. Qxd5 Nxd5 20. Rd1 Rfd8 21. Bb3 Bc5+ 22. Kf1 Ne3+ 23. Bxe3 Bxe3 24. Rxd8+ Rxd8 25. Re1 Bc5 26. Rd1 Rxd1+ 27. Bxd1 a5 28. a4 b6 29. b3 Bb4 30. Be2 Bc5 31. Bd1 Bb4 32. Be2 Bc5 33. Bd1 Bb4 34. Be2 Bc5 35. Bd1 1/2-1/2

[Event "St. Petersburg-ch 2021"]
[Site "St. Petersburg"]
[Date "2021.03.31"]
[Round "7.5"]
[White "Palchun, Grigory"]
[Black "Askerov, Marat"]
[Result "0-1"]
[ECO "E14"]
[WhiteElo "2359"]
[BlackElo "2351"]
[Annotator "NA"]
[PlyCount "64"]
[EventDate "2021.03.25"]
[EventType "swiss"]
[EventCountry "RUS"]
[SourceTitle "playchess.com"]
[Source "ChessBase"]
[SourceQuality "1"]
[TimeControl "40/5400+30:1800+30"]

1. Nf3 Nf6 2. e3 e6 3. b3 b6 4. Bb2 Bb7 5. d4 c5 6. Bd3 Be7 7. O-O O-O 8. c4 cxd4 9. exd4 d5 10. Nc3 Nc6 11. Rc1 Rc8 12. Qe2 Nb4 13. Bb1 dxc4 14. bxc4 Bxf3 15. gxf3 Bd6 16. Kh1 Bf4 17. Rcd1 Nh5 18. Qe4 f5 19. Qxe6+ Kh8 20. Bxf5 Rc6 21. Qe4 Re8 22. Qb1 Qh4 23. h3 Ng3+ 24. Kg2 Rf8 25. Rfe1 Rcf6 26. Be6 Bd6 27. Ne4 Rxf3 28. Nxd6 Rxf2+ 29. Kg1 Ne2+ 30. Kh1 Rh2+ 31. Kxh2 Qf2+ 32. Kh1 Ng3# 0-1

[Event "St. Petersburg-ch 2021"]
[Site "St. Petersburg"]
[Date "2021.04.02"]
[Round "9.1"]
[White "Goganov, Aleksey"]
[Black "Saveliev, Alexei"]
[Result "1/2-1/2"]
[ECO "E17"]
[WhiteElo "2575"]
[BlackElo "2358"]
[Annotator "RC"]
[PlyCount "63"]
[EventDate "2021.03.25"]
[EventType "swiss"]
[EventCountry "RUS"]
[SourceTitle "playchess.com"]
[Source "ChessBase"]
[SourceQuality "1"]
[TimeControl "40/5400+30:1800+30"]

1. d4 Nf6 2. c4 e6 3. Nf3 b6 4. g3 Bb7 5. Bg2 Be7 6. O-O O-O 7. h4 Qc8 8. Nc3 Ne4 9. Nxe4 Bxe4 10. Ne1 Bxg2 11. Nxg2 d5 12. cxd5 exd5 13. Bg5 Bxg5 14. hxg5 Nc6 15. Rc1 Ne7 16. Nf4 c6 17. e3 f6 18. gxf6 Rxf6 19. Kg2 Qd7 20. Nd3 Rh6 21. Rh1 Rxh1 22. Qxh1 Qf5 23. Ne5 Rf8 24. f4 c5 25. dxc5 bxc5 26. Rxc5 Qe4+ 27. Kh2 Qxe3 28. Rc7 Rf6 29. Rc8+ Rf8 30. Rc7 Rf6 31. Rc8+ Rf8 32. Rc7 1/2-1/2

[Event "St. Petersburg-ch 2021"]
[Site "St. Petersburg"]
[Date "2021.04.02"]
[Round "9.3"]
[White "Timerkhanov, Alexander"]
[Black "Shubin, Kirill"]
[Result "1/2-1/2"]
[ECO "A20"]
[WhiteElo "2400"]
[BlackElo "2466"]
[Annotator "ChessBase"]
[PlyCount "80"]
[EventDate "2021.03.25"]
[EventType "swiss"]
[EventCountry "RUS"]
[SourceTitle "playchess.com"]
[Source "ChessBase"]
[SourceQuality "1"]
[TimeControl "40/5400+30:1800+30"]

1. c4 e5 2. a3 a5 3. e3 Nc6 4. Nc3 g6 5. g3 Bg7 6. Bg2 Nge7 7. Nge2 d6 8. Rb1 Be6 9. Nd5 Qd7 10. O-O O-O 11. b4 axb4 12. axb4 Bf5 13. e4 Be6 14. d3 Nd4 15. Nxd4 exd4 16. Nf4 b5 17. Nxe6 fxe6 18. cxb5 e5 19. Qb3+ Kh8 20. Bg5 h6 21. Bxe7 Qxe7 22. Rfc1 h5 23. Rc6 Bh6 24. Qc2 Rf7 25. b6 cxb6 26. Rc8+ Rxc8 27. Qxc8+ Qf8 28. Qxf8+ Rxf8 29. Ra1 Bd2 30. Ra6 Bxb4 31. Rxb6 Bc5 32. Rc6 Kg7 33. Bh3 Kf6 34. Rc8 Rxc8 35. Bxc8 Bb4 36. Ba6 Bc5 37. Bc4 Bb4 38. Kg2 Bc5 39. h3 Bb4 40. f3 Bc5 1/2-1/2

[Event "St. Petersburg-ch 2021"]
[Site "St. Petersburg"]
[Date "2021.04.02"]
[Round "9.4"]
[White "Usmanov, Vasily"]
[Black "Askerov, Marat"]
[Result "0-1"]
[ECO "E36"]
[WhiteElo "2447"]
[BlackElo "2353"]
[Annotator "ChessBase"]
[PlyCount "96"]
[EventDate "2021.03.25"]
[EventType "swiss"]
[EventCountry "RUS"]
[SourceTitle "playchess.com"]
[Source "ChessBase"]
[SourceQuality "1"]
[TimeControl "40/5400+30:1800+30"]

1. d4 e6 2. c4 Nf6 3. Nc3 Bb4 4. Qc2 O-O 5. a3 Bxc3+ 6. Qxc3 d5 7. Nf3 dxc4 8. Qxc4 b6 9. h4 Ba6 10. Qc2 Nbd7 11. h5 h6 12. Rh4 c5 13. g4 Nh7 14. dxc5 Rc8 15. c6 Bb7 16. g5 Bxc6 17. Qc3 Bxf3 18. Qxf3 Nxg5 19. Qg3 Nc5 20. Bg2 e5 21. Bd2 f5 22. Rd1 f4 23. Qg4 Qe7 24. Bd5+ Kh8 25. f3 Rcd8 26. Bc3 a5 27. b3 Rd6 28. Bc4 Rxd1+ 29. Kxd1 b5 30. Bxb5 Nxb3 31. Bd3 Qxa3 32. Kc2 Nd4+ 33. Kd2 Nb3+ 34. Kc2 Rb8 35. Rh1 Qa2+ 36. Kd1 Nd4 37. Bxd4 Qa4+ 38. Kd2 Qxd4 39. Rc1 Rd8 40. Ke1 e4 41. fxe4 Nxe4 42. Bxe4 Qd2+ 43. Kf2 Qxc1 44. Bd3 Qe3+ 45. Kf1 f3 46. Qf5 fxe2+ 47. Ke1 Qxd3 48. Qf8+ Kh7 0-1